 Dungeon Crawl Stone Soup version 0.19-a0-1697-g0595f0e (webtiles) character file.

7053 Amnesiac the Covert (level 11, -1/79 HPs)
             Began as a Formicid Earth Elementalist on Sept 26, 2016.
             Was a Believer of Dithmenos.
             Slain by a komodo dragon (32 damage)
             ... on level 1 of the Lair of Beasts.
             The game lasted 00:27:22 (11597 turns).

Amnesiac the Covert (Formicid Earth Elementalist)  Turns: 11597, Time: 00:27:23

Health: -1/79      AC:  8    Str: 12 (13) XL:     11   Next: 30%
Magic:  2/18       EV: 13    Int: 15 (16) God:    Dithmenos [**....]
Gold:   530        SH:  0    Dex: 13 (14) Spells: 4 memorised, 11 levels left

rFire  . . .     SeeInvis +     o - +2 dagger (venom)
rCold  . . .     Gourm    .     l - +2 robe {rN+}
rNeg   + . .     Faith    .     (no shield)
rPois  .         Spirit   .     (helmet unavailable)
rElec  .         Dismiss  .     C - +1 cloak
rCorr  .         Reflect  .     (no gloves)
MR     +....     Harm     .     f - +0 pair of boots
Stlth  +++++.....               (no amulet)
                                j - +3 ring of intelligence
                                c - ring of wizardry

@: wreathed by umbra
A: permanent stasis, dig shafts and tunnels, four strong arms, antennae 3, dopey
1, low mp 1, no device heal 1
a: Dig, Shaft Self, Shadow Step, Renounce Religion


You were on level 1 of the Lair of Beasts.
You worshipped Dithmenos.
Dithmenos was pleased with you.
You were very hungry.

You visited 3 branches of the dungeon, and saw 11 of its levels.

You collected 530 gold pieces.

Inventory:

Hand Weapons
 k - a +1 dagger of protection
 o - a +2 dagger of venom (weapon)
Missiles
 b - 239 stones (quivered)
Armour
 f - a +0 pair of boots (worn)
 l - a +2 robe of positive energy (worn)
 C - a +1 cloak (worn)
Jewellery
 a - an uncursed ring of positive energy
 c - a ring of wizardry (left hand)
 j - a +3 ring of intelligence (right hand)
 n - an uncursed ring of protection from fire
 p - an uncursed ring of flight
 u - an uncursed ring of resist corrosion
Wands
 e - a wand of polymorph (6/24)
Scrolls
 r - 7 scrolls of remove curse
 y - a scroll of vulnerability
 E - a scroll of holy word
 F - 2 scrolls of enchant weapon
 K - a scroll of recharging
Potions
 h - a potion of flight
 i - 3 potions of lignification
 q - a potion of might
 B - a potion of brilliance
Comestibles
 d - 8 bread rations
 s - 2 beef jerkies
 x - 2 meat rations
 H - 11 royal jellies


   Skills:
 - Level 5.0 Fighting
 + Level 7.4 Short Blades
 - Level 3.6 Dodging
 - Level 10.0 Stealth
 - Level 6.5 Spellcasting
 - Level 6.5 Transmutations
 - Level 10.0 Earth Magic


You had 11 spell levels left.
You knew the following spells:

 Your Spells              Type           Power        Failure   Level  Hunger
a - Lee's Rapid Deconstr  Erth           ####......   3%          5    ######.
e - Petrify               Tmut/Erth      ####....     2%          4    ####...
f - Sandblast             Erth           ####..       1%          1    None
v - Passwall              Tmut/Erth      ####......   1%          2    #......


Dungeon Overview and Level Annotations

Branches:
Dungeon (8/15)             Temple (1/1) D:5            Lair (2/6) D:8
  Swamp: Lair:2-4    Shoals: Lair:2-4     Snake: Lair:2-4    Spider: Lair:2-4

Altars:
Ashenzari
Cheibriados
Dithmenos
Elyvilon
Fedhas
Gozag
Hepliaklqana
Kikubaaqudgha
Makhleb
Nemelex Xobeh
Okawaru
Qazlal
Ru
Sif Muna
Trog
Uskayaw
Vehumet
Xom
Yredelemnul
Zin
The Shining One

Shops:
D:5 [   D:8 *


Innate Abilities, Weirdness & Mutations

You are under a permanent stasis effect.
You can dig through walls and to a lower floor.
Your four strong arms can wield two-handed weapons with a shield.
You have a pair of large antennae on your head. (SInv)
You are dopey. (Int -2)
Your magical capacity is low. (-10% MP)
Potions and wands are less effective at restoring your health.


Message History

There is a stone staircase leading up here.
The helpless vampire mosquito fails to defend itself.
You perforate the vampire mosquito like a sieve!!!
You destroy the vampire mosquito!
Dithmenos accepts your kill. The komodo dragon misses you.
You climb upwards.
There is a stone staircase leading down here.
The komodo dragon bites you!
You hit the komodo dragon but do no damage.
The komodo dragon is poisoned.
The komodo dragon is heavily wounded.
You hit the komodo dragon but do no damage.
The komodo dragon looks even sicker.
The komodo dragon is severely wounded.
The komodo dragon bites you!!
You closely miss the komodo dragon.
The komodo dragon is severely wounded.
The komodo dragon bites you!!
You die...

#....###..# ## #....#
#..### #. ##...##
##.#.##########. #....##
#..............
##....#####..........#..
#...##...#......#####..
##...#....#...####.#....
#...........##.###......
###....@l..######.......
#.#.......# ##......
##......>..# #...#...
#....(.....## ##.##...
##..........# #####..
#...........# #..
##..........# #..
##...........# #..
#............# ##..


You could see a komodo dragon.

Vanquished Creatures
  Pikel (D:5)
  The ghost of Amnesiac the Geomancer, a novice DEEE (D:6)
  A spiny frog (Lair:2)
  2 blink frogs
  3 hippogriffs
  5 yaks
  A basilisk (Lair:1)
  A vampire mosquito (Lair:2)
  A hungry ghost (D:7)
  Edmund (D:5)
  Menkaure (D:5)
  2 orc warriors
  4 slaves
  An eye of draining (D:8)
  A sky beast (D:8)
  A black bear (Lair:1)
  6 ogres
  An ice beast (D:5)
  2 centaurs
  2 crocodiles
  7 bullfrogs
  A wyvern skeleton (D:8)
  4 scorpions
  3 howler monkeys
  A crimson imp (D:8)
  A centaur zombie (D:7)
  A quasit (D:8)
  2 hounds
  A centaur skeleton (D:5)
  4 orc priests
  3 jellies (D:8)
  7 orc wizards
  5 iguanas
  6 worker ants
  A killer bee zombie (D:8)
  3 hound skeletons
  A howler monkey zombie (D:7)
  8 gnolls
  25 river rats
  6 adders
  2 shadow imps
  6 oozes
  2 adder skeletons
  4 worms (D:2)
  4 dart slugs
  7 leopard geckos
  27 orcs
  7 giant cockroaches
  2 gnoll zombies (D:3)
  6 goblins
  3 hobgoblins
  5 jackals
  5 quokkas
  A ball python (D:3)
  7 bats
  2 frilled lizards
  A jackal zombie (D:5)
  4 kobolds
  A quokka skeleton (D:4)
  A quokka zombie (D:7)
  9 rats
234 creatures vanquished.

Vanquished Creatures (others)
  A wizard (D:6)
  3 fungi (Lair:2)
  A plant (Lair:2)
5 creatures vanquished.

Grand Total: 239 creatures vanquished

Notes
Turn   | Place    | Note
-------+----------+-------------------------------------------
     0 | D:1      | Amnesiac the Formicid Earth Elementalist began the quest for the Orb.
     0 | D:1      | Reached XP level 1. HP: 13/13 MP: 3/3
   108 | D:1      | Reached XP level 2. HP: 17/19 MP: 0/5
   171 | D:2      | Learned a level 2 spell: Passwall
   334 | D:2      | Reached XP level 3. HP: 24/24 MP: 4/6
   514 | D:4      | Reached XP level 4. HP: 26/30 MP: 0/7
   745 | D:4      | Reached skill level 1 in Short Blades
   749 | D:4      | Reached XP level 5. HP: 35/35 MP: 0/8
   837 | D:4      | Learned a level 4 spell: Petrify
  1106 | D:4      | Reached XP level 6. HP: 41/41 MP: 1/9
  1279 | D:4      | Found a snail-covered altar of Cheibriados.
  2043 | D:4      | Noticed an orc warrior
  2050 | D:4      | Killed an orc warrior
  2050 | D:4      | Reached XP level 7. HP: 11/46 MP: 8/10
  2390 | D:5      | Entered Level 5 of the Dungeon
  2393 | D:5      | Reached skill level 5 in Transmutations
  2460 | D:5      | Noticed Pikel
  2860 | D:5      | Found Zuytuliul's Armour Emporium.
  2885 | D:5      | Killed Pikel
  2885 | D:5      | Reached XP level 8. HP: 52/52 MP: 6/13
  2985 | D:5      | Noticed Menkaure
  3005 | D:5      | Killed Menkaure
  3341 | D:5      | Learned a level 5 spell: Lee's Rapid Deconstruction
  3427 | D:5      | Reached XP level 9. HP: 57/57 MP: 8/16
  3561 | D:5      | Noticed Edmund
  3578 | D:5      | Killed Edmund
  3627 | D:5      | Found a staircase to the Ecumenical Temple.
  3636 | Temple   | Entered the Ecumenical Temple
  4391 | D:2      | Found an iron altar of Okawaru.
  4922 | D:2      | Reached skill level 5 in Spellcasting
  5143 | D:3      | Reached skill level 5 in Stealth
  5788 | D:6      | Found a bloodstained altar of Trog.
  5866 | D:6      | Noticed Amnesiac's ghost (novice DEEE)
  5896 | D:6      | Killed Amnesiac's ghost
  6078 | D:6      | Reached XP level 10. HP: 63/63 MP: 13/17
  6371 | D:6      | Noticed a wizard
  6374 | D:6      | Killed a wizard
  6430 | D:7      | Reached skill level 10 in Stealth
  6876 | D:7      | Reached skill level 10 in Earth Magic
  6982 | D:7      | Found a blossoming altar of Fedhas.
  7383 | D:8      | Gained mutation: Your magical capacity is low. (-10% MP) [mutagenic meat]
  7386 | D:8      | Gained mutation: Potions and wands are less effective at restoring your health. [mutagenic meat]
  7389 | D:8      | Gained mutation: You are dopey. (Int -2) [mutagenic meat]
  7413 | D:8      | Found a sparkling altar of Nemelex Xobeh.
  7417 | D:8      | Found a bloodstained altar of Trog.
  7417 | D:8      | Found a shadowy altar of Dithmenos.
  7418 | D:8      | Found a glowing golden altar of the Shining One.
  7419 | D:8      | Found an opulent altar of Gozag.
  7426 | D:8      | Became a worshipper of Dithmenos the Shadowed
  8471 | D:3      | Found a basalt altar of Yredelemnul.
  9258 | D:8      | Found a glowing silver altar of Zin.
  9259 | D:8      | Found Zin's Purification Station.
  9331 | D:8      | Reached * piety under Dithmenos
  9331 | D:8      | Reached skill level 1 in Fighting
  9401 | D:8      | Found a staircase to the Lair.
  9486 | Lair:1   | Entered Level 1 of the Lair of Beasts
 10138 | Lair:1   | Reached skill level 5 in Fighting
 10205 | D:8      | HP: 3/111 [yak (6)]
 10212 | D:8      | Reached XP level 11. HP: 5/79 MP: 3/18
 10608 | Lair:1   | Reached skill level 5 in Short Blades
 11298 | Lair:2   | Reached ** piety under Dithmenos
 11597 | Lair:1   | Slain by a komodo dragon

Vault maps used:
D:1:      erik_arrival_blinker_ship
D:2:      okawaru_gym_becter
D:3:      lemuel_zombie_altar_yredelemnul
D:4:      kennysheep_slug_shrine, first_bread
D:5:      serial_shops, shop, minmay_misc_feat_ornament, uniq_menkaure,
          uniq_pikel, uniq_edmund
D:6:      trog_wizard
D:7:      fedhas_altar_3
D:8:      zin_purify, grunt_temple_overflow_open, lair_0_dummy,
          hangedman_little_slice_of_home
Temple:   minmay_temple_curvy_loop
Lair:2:   minmay_swamp_entry_swarm

Skill      XL: |  1  2  3  4  5  6  7  8  9 10 11 |
---------------+----------------------------------+-----
Earth Magic    | 4 6 7 9 10 | 10.0
Transmutations | 2 4 6 |  6.5
Stealth        | 4 9 10 | 10.0
Short Blades   | 2 3 4 7 |  7.4
Spellcasting   | 3 4 5 6 |  6.5
Dodging        | 3 |  3.6
Fighting       | 5 |  5.0

Action                   |  1- 3 |  4- 6 |  7- 9 | 10-12 || total
-------------------------+-------+-------+-------+-------++-------
Melee: Unarmed           |     1 |       |       |       ||     1
       Dagger            |       |    68 |   216 |   350 ||   634
Throw: Stone             |       |       |       |     1 ||     1
 Cast: Sandblast         |    25 |     9 |    23 |    12 ||    69
       Passwall          |       |    18 |    13 |    27 ||    58
       Petrify           |       |     5 |    22 |    20 ||    47
       Lee's Rapid Decon |       |       |       |     3 ||     3
 Abil: Dig               |       |     4 |     1 |     2 ||     7
  Use: Scroll            |       |       |     3 |    10 ||    13
       Potion            |       |       |       |    10 ||    10
 Stab: Sleeping          |       |    10 |    20 |    39 ||    69
       Petrified         |       |     4 |    25 |    20 ||    49
       Petrifying        |       |     3 |     2 |     7 ||    12
       Distracted        |       |       |     1 |     1 ||     2
  Eat: Chunk             |       |     7 |    12 |    26 ||    45
       Meat ration       |       |       |     1 |       ||     1
       Fruit             |       |       |       |     1 ||     1
Armor: Robe              |     1 |     9 |    37 |    62 ||   109
       Skin              |       |       |       |     4 ||     4
Dodge: Dodged            |     7 |    23 |    95 |   167 ||   292
